woodfighter, chaotic female orcish Cavewoman ... -@. |&& G G woodfighter the Young Cave Woman Experience level: 8 Strength: 25 Dexterity: 11 Constitution: 18 Intelligence: 7 Wisdom: 9 Charisma: 8 Health: 0(81) Energy: 28(28) Def: 13 Gold: 0 Moves: 4938 Dungeon seed: oJgBM-4iSQhqcH1Y Game ID: woodfighter_1475352586 Your Inventory: Weapons a - 3 +0 dwarvish spears (wielded) Armor e - an uncursed +0 elven cloak (being worn) g - an uncursed +0 dwarvish mithril-coat (being worn) n - an uncursed +0 dwarvish cloak q - a blessed +1 pair of jumping boots (being worn) r - an uncursed +0 pair of gauntlets of power (being worn) z - an uncursed +0 pair of gauntlets of fumbling J - an uncursed +0 dwarvish iron helm (being worn) N - an uncursed +0 shield of reflection (being worn) Y - an uncursed +0 dwarvish cloak Comestibles b - an uncursed lichen corpse k - an uncursed clove of garlic x - 2 uncursed sprigs of wolfsbane S - 2 uncursed food rations Tools i - a blessed brass lantern (0:1231) s - an uncursed sack y - an uncursed lock pick Contents of the sack: 30 gold pieces a [uncursed] scroll of teleportation a [uncursed] potion of levitation an uncursed [+0] pick-axe Spells and supernatural/magical abilities: Name Level Category Fail Memory W - pray for help -- divine ? -- Y - supernatural jump -- ability ? -- Your skills at the end: Miscellaneous Skills bare handed combat [Basic] stealth [Skilled] Weapon Skills scimitar [Basic] club [Expert] sling [Basic] Spellcasting Skills Final Attributes: You were piously aligned. You were poison resistant. Your writing hand was a little cramped from use. You were telepathic. You had infravision. You were stealthy. You could jump. You were fast. You had reflection. You are dead. Vanquished creatures: a small mimic a tengu a crocodile a mumak 2 gnome kings a gold golem 2 dogs a dingo a jaguar a dwarf lord a plains centaur 3 apes a yellow light 4 wood nymphs an orc shaman 2 shriekers a violet fungus 6 gnome lords 6 gnomish wizards a gray ooze 3 elf zombies a giant ant 3 floating eyes 9 dwarves a kobold lord an iguana a rabid rat a giant bat 7 monkeys a dwarf zombie 3 gas spores 4 hobbits an acid blob 2 geckos 2 giant rats 5 cave spiders a brown mold 2 yellow molds 37 gnomes 11 garter snakes 5 jackals 2 foxes 2 kobolds 6 newts 4 grid bugs 2 bats 6 lichens 161 creatures vanquished. Voluntary challenges: You did not cause conflict. You were not invisible. You did not have reflection until turn 4659. You used a wielded weapon 248 times, starting on turn 2. You did not apply a unicorn horn. You did not use plumbed fixtures. You did not drink any magical draughts. You read items or engraved 3 times, starting on turn 2165. You never genocided any monsters. You never polymorphed an object. You never changed form. You used no wishes. You never split a pudding. You never wrote Elbereth's name. You never violated your personal moral code. Dungeon overview: The Dungeons of Doom: levels 1 to 5 Level 1 an altar to Anu a long staircase Level 2 Level 3 a fountain stairs to The Gnomish Mines Level 4 Level 5 The Gnomish Mines: levels 4 to 10 Level 4 stairs to The Dungeons of Doom Level 5 Level 6 Level 7 many shops, a temple to Anu, a magic chest, some fountains, a sink Level 8 Level 9 Level 10 <- You were here History has recorded: On T:1 you entered the Dungeons of Doom to retrieve the Amulet of Yendor! On T:182 you reached level 2 of The Dungeons of Doom. On T:351 you advanced to experience level 2. On T:632 you advanced to experience level 3. On T:958 you reached level 3 of The Dungeons of Doom. On T:1053 you reached level 1 of The Gnomish Mines. On T:1057 you advanced to experience level 4. On T:1248 you reached level 4 of The Dungeons of Doom. On T:1316 you reached level 5 of The Dungeons of Doom. On T:1683 you advanced to experience level 5. On T:1745 you reached level 2 of The Gnomish Mines. On T:2368 you advanced to experience level 6. On T:2581 you reached level 3 of The Gnomish Mines. On T:3184 you advanced to experience level 7. On T:3801 you reached level 4 of The Gnomish Mines. On T:3919 you entered the Minetown temple On T:3986 you opened a magic chest. On T:4531 you reached level 5 of The Gnomish Mines. On T:4584 you prayed to Anshar. On T:4587 you advanced to experience level 8. On T:4935 you reached level 6 of The Gnomish Mines. On T:4937 you reached level 7 of The Gnomish Mines. On T:4937 you prayed to Anshar. Score breakdown: Gold: 30 ( 3 points) Experience: 8 levels ( 700 points) Exploration: 10 levels ( 270 points) Discoveries: 19 items ( 950 points) Variety of kills: 47 monsters ( 2000 points) Major goal: reached Minetown ( 500 points) Survival: died (score multiplied by 3) Total score: 13269 Latest messages: The pit fiend claws you! (2x) The pit fiend just misses! You jab the pit fiend! The pit fiend misses. The pit fiend claws you! The pit fiend misses. Please move the cursor to an unknown object. Never mind. You miss the pit fiend. You jab the pit fiend! The pit fiend just misses! The pit fiend claws you! You fall into a chasm! There's a gaping hole under you! You jab the pit fiend! The pit fiend claws you! The pit fiend just misses! You fall into a chasm! You miss the pit fiend. The pit fiend claws you! (2x) You fall into a chasm! There's a gaping hole under you! You begin praying to Anshar. The pit fiend claws you! (2x) You die... Final status: Goodbye woodfighter the Cavewoman, killed by a pit fiend, while praying... You died in The Gnomish Mines on dungeon level 10 with 13269 points, and 30 pieces of gold, after 4938 moves. You were level 8 with a maximum of 81 hit points when you died.